Description

This build is generated with CarbonTwelve's StarcraftFusion.

It allows you to make early reapers rush and start building an expansion at 2:30. Even if the rush is failed you'll have 2 bases, a factory and a starport in reasonable terms.

Build Order

Get SALT Encoding   

  13  0:02  SCV  
  13  0:13  Supply Depot  
  14  0:18  SCV  
  14  0:24  Refinery  
  14  0:37  Barracks  
  15  0:42  SCV  
  15  0:45  Action (Move SCVs to Gas)  
  16  0:54  SCV  
  17  1:06  Barracks, SCV  
  18  1:24  Reaper, Orbital Command  
  18  1:36  Barracks  
  18  1:43  Refinery  
  18  1:50  Action (Call MULE)  
  19  1:54  Reaper  
  20  1:57  Reaper  
  20  2:05  Action, Supply Depot (Move SCVs to Gas)  
  21  2:23  Reaper  
  21  2:29  Command Center  
  21  2:32  Reaper, Action (Extra Supplies)  
  23  2:36  Reaper  
  24  2:41  SCV  
  25  2:54  Action, SCV (Call MULE)  
  26  2:56  Reaper  
  28  3:05  Reaper, SCV  
  29  3:09  Reaper  
  30  3:18  Refinery, SCV  
  30  3:20  Factory  
  31  3:28  Reaper  
  32  3:30  SCV  
  34  3:38  Reaper x2  
  34  3:41  Action (Move SCVs to Gas)  
  36  3:43  SCV x2  
  38  3:54  SCV x2  
  39  4:00  Reaper, Action (Call MULE)  
  40  4:06  SCV  
  42  4:11  Reaper x2  
  42  4:14  Refinery, Starport  
  43  4:16  SCV  
  43  4:34  Action (Move SCVs to Gas)  
Spawning Tool Build Advisor. Get it on Overwolf

Analysis

What we have by 4:50 is as follows.

Income: 873M 456G

Buildings: 2 Command Centers (including 1 Orbital Command), 2 Supply Depots (with 1 Extra Supplies), 4 Refineries, 3 Barracks, 1 Factory, 1 Starport.

Units: 28 SCVs, 15 Reapers.

Go to:

Details

  • Created by: Turir
  • Published on: Feb 12, 2017
  • Modified on: Apr 11, 2017
  • Patch: 3.8.0
Show
View Real Time Build Order
Export as new Build Order

Comments (0)

There are no comments. Be the first!

Create an account to comment!